 Dungeon Crawl Stone Soup version 0.23.2-40-g277498a001 (webtiles) character file.

Game seed: 17972240574759156885

1066 Miikka the Basher (level 8, -3/64 HPs)
             Began as a Minotaur Berserker on Sept 29, 2019.
             Was an Elder of Trog.
             Killed from afar by an orc wizard (4 damage)
             ... with a magic dart
             ... on level 5 of the Dungeon.
             The game lasted 00:14:36 (3820 turns).

Miikka the Basher (Minotaur Berserker)              Turns: 3820, Time: 00:14:36

Health: -3/64      AC: 11    Str: 23    XL:     8   Next: 7%
Magic:  7/7        EV:  8    Int:  4    God:    Trog [****..]
Gold:   342        SH:  0    Dex: 11    Spells: 7/7 levels left

rFire    . . .     SeeInvis .   a - +0 morningstar
rCold    . . .     Gourm    .   (no shield)
rNeg     . . .     Faith    .   e - +0 chain mail
rPois    .         Spirit   .   d - +0 hat
rElec    .         Reflect  .   C - +0 cloak
rCorr    .         Harm     .   z - +0 pair of gloves
MR       .....                  (no boots)
Stlth    ..........             (no amulet)
HPRegen  0.20/turn              i - ring of flight
MPRegen  0.10/turn              (no ring)

@: confused
A: retaliatory headbutt, horns 2
a: Berserk, Trog's Hand, Brothers in Arms, Renounce Religion, Evoke Flight


You were on level 5 of the Dungeon.
You worshipped Trog.
Trog was greatly pleased with you.
You were not hungry.

You visited 1 branch of the dungeon, and saw 6 of its levels.

You collected 342 gold pieces.

Inventory:

Hand Weapons
 a - a +0 morningstar (weapon)
 k - a +0 mace
 w - a +0 flail
 x - the +2 quarterstaff "Zaliriuf" {venom, *Contam *Rage +Blink rElec Dex+8}
   (You found it on level 5 of the Dungeon)

   It poisons the flesh of those it strikes.
   It affects your dexterity (+8).
   It insulates you from electricity.
   It lets you blink.
   It may make you go berserk in combat.
   It causes magical contamination when unequipped.
Missiles
 v - 5 tomahawks (quivered)
Armour
 d - a +0 hat (worn)
 e - a +0 chain mail (worn)
 z - a +0 pair of gloves (worn)
 C - a +0 cloak (worn)
Jewellery
 i - a ring of flight (left hand)
 m - an uncursed ring of ice {unknown}
 s - an uncursed ring of wizardry {unknown}
 y - an uncursed ring of positive energy
Scrolls
 g - 2 scrolls of enchant armour {unknown}
 h - a scroll of remove curse
 l - a scroll of teleportation {unknown}
 o - a scroll of random uselessness {unknown}
 p - a scroll of fog {unknown}
 q - 2 scrolls of identify
 r - 2 scrolls of blinking {unknown}
 A - a scroll of magic mapping {unknown}
Potions
 f - 2 potions of flight
 j - a potion of berserk rage
 n - 2 potions of curing {unknown}
 u - a potion of heal wounds {unknown}
 B - a potion of ambrosia {unknown}
Comestibles
 c - 14 rations


   Skills:
 - Level 3.6 Fighting
 + Level 11.6 Maces & Flails
 - Level 2.4 Armour
 - Level 2.1 Dodging


You had 7 spell levels left.
You didn't know any spells.
Your spell library was empty.

Dungeon Overview and Level Annotations

Branches:
Dungeon (6/15)
 Temple: D:4-7

Altars:
Uskayaw

Shops:
D:4 =


Innate Abilities, Weirdness & Mutations

You reflexively headbutt those who attack you in melee.
You have a pair of horns on your head.


Message History

Something tries to affect you, but you resist.
Something hits you.
* * * LOW HITPOINT WARNING * * *
There is a stone staircase leading down here.
You hear some strange, mumbled words.
You are confused.
You hear some strange, mumbled words.
A magic dart appears from out of thin air!
The magic dart hits you.
* * * LOW HITPOINT WARNING * * *
You bump into the rock wall.
You hear some strange, mumbled words.
A magic dart appears from out of thin air!
The magic dart hits you.
* * * LOW HITPOINT WARNING * * *
You bump into the rock wall.
You hear some strange, mumbled words.
A magic dart appears from out of thin air!
The magic dart hits you.
You die...

##.##.##..)..................#
##.##.##..##...##.#..#..######
......##..........#..#..#
...#####.###...####..#.(#
#..#####.# #.<.# ##..#..#
...(..##.# #...# #......#
#..##.##.###...# #.#..#.#
.......#.......###.#..#.#
#####...........@{....#.#
##.#####.#.###.##.#.# #.#
#....##.##.#.###
#.#####..............##
##..........#######....#
#..........## ###..#
#.######.### #..# #.# #.# #..#
#(# #.# #..#


There were no monsters in sight!

Vanquished Creatures
  An ice beast (D:5)
  A phantom (D:4)
  An ogre (D:6)
  A centaur (D:5)
  A scorpion (D:5)
  4 wights (D:4)
  A howler monkey (D:5)
  A crimson imp (D:5)
  2 orc wizards
  2 jellies
  A centaur skeleton (D:5)
  Terence (D:2)
  3 worker ants
  3 gnolls (D:3)
  7 adders
  2 worms
  A dart slug (D:1)
  5 leopard geckos
  15 orcs
  12 bats
  3 giant cockroaches
  3 goblins (D:1)
  4 hobgoblins
  4 jackals (D:5)
  4 kobolds
  A quokka (D:2)
  A ball python (D:3)
  5 frilled lizards
  11 rats
101 creatures vanquished.

Notes
Turn   | Place    | Note
-------+----------+-------------------------------------------
     0 | D:1      | Miikka the Minotaur Berserker began the quest for the Orb.
     0 | D:1      | Reached XP level 1. HP: 19/19 MP: 0/0
    21 | D:1      | Reached skill level 4 in Maces & Flails
   135 | D:1      | Reached XP level 2. HP: 24/26 MP: 1/1
   258 | D:1      | Reached ** piety under Trog
   259 | D:1      | Reached skill level 5 in Maces & Flails
   785 | D:2      | Reached XP level 3. HP: 28/31 MP: 2/2
   791 | D:2      | Noticed Terence
   804 | D:2      | Killed Terence
   806 | D:2      | Reached skill level 6 in Maces & Flails
   806 | D:2      | Reached XP level 4. HP: 27/39 MP: 3/3
  1518 | D:3      | Reached skill level 7 in Maces & Flails
  1518 | D:3      | Reached XP level 5. HP: 20/45 MP: 4/4
  1806 | D:3      | Reached *** piety under Trog
  2460 | D:4      | Noticed a phantom
  2489 | D:4      | Killed a phantom
  2489 | D:4      | Reached skill level 8 in Maces & Flails
  2489 | D:4      | Reached XP level 6. HP: 17/51 MP: 5/5
  2753 | D:4      | Reached skill level 9 in Maces & Flails
  2840 | D:4      | Found Akluamuwk's Jewellery Boutique.
  2910 | D:4      | Reached XP level 7. HP: 54/57 MP: 6/6
  3152 | D:5      | Entered Level 5 of the Dungeon
  3229 | D:5      | Reached skill level 10 in Maces & Flails
  3311 | D:5      | Got a polished quarterstaff
  3339 | D:5      | Identified the +2 quarterstaff "Zaliriuf" {venom, *Contam
                  | *Rage +Blink rElec Dex+8} (You found it on level 5 of the
                  | Dungeon)
  3461 | D:5      | Found a hide-covered altar of Uskayaw.
  3463 | D:5      | Reached **** piety under Trog
  3603 | D:5      | Reached skill level 11 in Maces & Flails
  3814 | D:5      | Reached XP level 8. HP: 9/64 MP: 7/7
  3818 | D:5      | HP: 3/64 [something/magic dart (6)]
  3819 | D:5      | HP: 1/64 [something/magic dart (2)]
  3820 | D:5      | Killed from afar by an orc wizard

Skill      XL: |  1  2  3  4  5  6  7 |
---------------+----------------------+-----
Maces & Flails | 4 5 6 7 8 9 11 | 11.6
Fighting       | |  3.6
Armour         | |  2.4
Dodging        | |  2.1

Action                   |  1- 3 |  4- 6 |  7- 9 || total
-------------------------+-------+-------+-------++-------
Melee: Mace              |    51 |   100 |       ||   151
       Headbutt          |     9 |    30 |    17 ||    56
       Flail             |       |    35 |    43 ||    78
       Morningstar       |       |       |    27 ||    27
       Quarterstaff      |       |       |     5 ||     5
  Use: Scroll            |       |     5 |       ||     5
  Eat: Chunk             |       |     6 |     3 ||     9
Armor: Chain mail        |    37 |    67 |    32 ||   136
Dodge: Dodged            |    25 |    51 |    27 ||   103
